 Dungeon Crawl Stone Soup version 0.31-a0-4-gefa6de2278 (webtiles) character file.

Game seed: 260777401797390133

14079 greynaab the Severer (level 11, -20/77 HPs)
             Began as a Minotaur Artificer on May 3, 2023.
             Was a Priest of Wu Jian.
             Demolished by a cyclops (29 damage)
             ... on level 7 of the Dungeon.
             The game lasted 00:29:26 (10691 turns).

greynaab the Severer (Minotaur Artificer)          Turns: 10691, Time: 00:29:26

Health: -20/77     AC: 10    Str: 20    XL:     11   Next: 84%
Magic:  10/10      EV: 10    Int:  8    God:    Wu Jian [***...]
Gold:   385        SH:  7    Dex: 12    Spells: 10/10 levels left

rFire   + + .        G - +0 war axe (distort)
rCold   + + +        L - +0 buckler
rNeg    . . .        h - +0 ring mail
rPois   .            C - +0 hat
rElec   .            R - +0 cloak
rCorr   .            m - +2 pair of gloves
SInv    .            J - +0 pair of boots of Repulsion {+Blink rF+ rC+}
Will    .....        x - amulet "Ivioc" {+Inv rF+ rC++ Regen+}
Stlth   +            (no ring)
HPRegen 1.12/turn    (no ring)
MPRegen 0.12/turn

%: no passive effects
@: no status effects
A: horns 2, retaliatory headbutt
a: Renounce Religion, Evoke Blink, Evoke Invisibility, Wall Jump, Serpent's Lash


You were on level 7 of the Dungeon.
You worshipped Wu Jian.
Wu Jian was most pleased with you.
You visited 1 branch of the dungeon, and saw 11 of its levels.

You collected 698 gold pieces.
You spent 313 gold pieces at shops.

Inventory:

Hand Weapons
 a - a +0 morningstar
 b - a +0 war axe
 D - a +2 heavy sling
 G - a +0 war axe of distortion (weapon)
Missiles
 k - 14 poisoned darts (quivered)
 H - a throwing net
Armour
 f - a +0 leather armour
 h - a +0 ring mail (worn)
 m - a +2 pair of gloves (worn)
 r - a +0 plate armour
 B - a +0 scale mail
 C - a +0 hat (worn)
 J - the +0 pair of boots of Repulsion (worn) {+Blink rF+ rC+}
   (You bought it in a shop on level 7 of the Dungeon)

   rF:        It protects you from fire.
   rC:        It protects you from cold.
   +Blink:    It lets you blink.
 L - a +0 buckler (worn)
 R - a +0 cloak (worn)
Magical Staves
 o - a staff of air
Jewellery
 p - a ring of magical power
 x - the amulet "Ivioc" (around neck) {+Inv rF+ rC++ Regen+}
   (You found it on level 5 of the Dungeon)

   [amulet of regeneration]

   rF:        It protects you from fire.
   rC:        It greatly protects you from cold.
   +Inv:      It lets you turn invisible.
   Regen:     It increases your rate of health regeneration.
 A - an amulet of guardian spirit
 E - a ring of protection from fire
 F - an amulet of faith
 O - a ring of resist corrosion
 Q - a ring of wizardry
Wands
 c - a wand of flame (17)
 d - a wand of charming (9)
 v - a wand of polymorph (4)
Scrolls
 g - 2 scrolls of torment
 i - 3 scrolls of fear
 j - 4 scrolls of enchant weapon
 l - 3 scrolls of teleportation
 t - 5 scrolls of magic mapping
 y - 2 scrolls of poison
 N - a scroll of fog
 P - a scroll of immolation
Potions
 e - a potion of flight
 n - 3 potions of brilliance
 q - a potion of might
 s - 3 potions of mutation
 u - 5 potions of curing
 w - a potion of resistance
 z - a potion of heal wounds
 K - 5 potions of attraction {unknown}
 M - a potion of ambrosia
Miscellaneous
 I - a phial of floods


   Skills:
 - Level 1.2 Fighting
 - Level 15.9(16.0) Axes
 - Level 0.6(10.4) Maces & Flails
 - Level 2.4 Armour
 - Level 1.1 Dodging
 - Level 0.7 Stealth
 + Level 11.4 Shields
 + Level 9.4 Evocations


You had 10 spell levels left.
You didn't know any spells.
Your spell library contained the following spells:

 Spells                   Type           Power      Damage    Failure   Level
 Call Imp                 Summ           0%         N/A       77%         2
 Vhi's Electric Charge    Tloc/Air       0%         N/A       94%         3
 Airstrike                Air            0%         2d(0-16)  100%        4
 Arcjolt                  Conj/Air       0%         1d10      100%        5
 Blade Hands              Tmut           0%         N/A       100%        5
 Irradiate                Conj/Tmut      0%         3d11      100%        5
 Plasma Beam              Fire/Air       0%         2x1d11    100%        6
 Dragon Form              Tmut           0%         N/A       100%        7
 Spellforged Servitor     Conj/Summ      0%         N/A       100%        7


Dungeon Overview and Level Annotations

Branches:
Dungeon (11/15) Zot: 25285  Temple (0/1) D:7            Lair (0/5) D:11
    Orc: D:9-12

Altars:
Elyvilon
Fedhas
Gozag
Hepliaklqana
Nemelex Xobeh
Sif Muna
Uskayaw
Vehumet
Wu Jian

Shops:
D:7 [

Annotations:
D:10 2 transporters, Pimp's ghost, journeyman BaSu


Innate Abilities, Weirdness & Mutations

You have a pair of horns on your head.
You reflexively headbutt those who attack you in melee.


Message History

You hear a roar!
You hear a shout!
You are too injured to fight recklessly!
You are too injured to fight recklessly!
You are too injured to fight recklessly!
You slash the cyclops! You headbutt the cyclops.
The cyclops is severely wounded.
You barely miss the cyclops. You headbutt the cyclops.
The cyclops is almost dead.
The cyclops hits you!
You hit the cyclops but do no damage.
The cyclops is almost dead.
The acid dragon roars!
You slash the cyclops!
You kill the cyclops!
The Council accepts your kill.
You spin and attack the acid dragon repeatedly.
You barely miss the acid dragon. You closely miss the acid dragon.
The cyclops shouts!
The acid dragon spits acid at you. The splash of acid hits you!
Things that are here:
4 large rocks; a cyclops corpse; a troll corpse You slash the acid dragon!
Your headbutt misses the acid dragon.
The acid dragon is heavily wounded.
You hit the acid dragon.
Space warps around the acid dragon.
You headbutt the acid dragon.
The acid dragon is almost dead.
The acid dragon bites you. The acid dragon closely misses you.
You slash the acid dragon!
You kill the acid dragon!
The Council accepts your kill. The cyclops hits you!!
* * * LOW HITPOINT WARNING * * *
You completely miss the cyclops. You headbutt the cyclops.
The cyclops is lightly wounded.
You slash the cyclops!
Space warps horribly around the cyclops!
The cyclops is heavily wounded.
The cyclops hits you!!
You die...

#.##..##..# .##.....#..>.......##
##...##..####.#.....##...........
##..##..###.#.##....##...#.......
###)#..###..##.#.........#.......
.##...####.#.#.##.......####.....
#.##.####..#.##.#........# ##...#
.###...###.##.#.##.....### ##.##
#.###.##.##.#.##(#.......#######
.#.##.##....##..@##.....###..####
#[##'##'#########C#......#......#
[##)##.....)...# .#.............#
.##.##.#.#.#.#.# .##.(.....<....#
##..[###.#.#.### ..#........#####
##.#)##[.#.#..# ..##.......#
#.....##.#.#.## #9.#.......##
###.####.#.#.# |.##.......#
[......###.### #..)....#


You could see a cyclops and a gargoyle.

Vanquished Creatures
  A centaur warrior (D:10)
  2 two-headed ogres
  2 boulder beetles
  A cyclops (D:7)
  Joseph (D:8)
  Psyche (D:9)
  An unseen horror (D:11)
  A troll (D:7)
  A hornet (D:9)
  A slime creature (D:7)
  2 shadows
  7 yaks
  2 wyverns (D:10)
  A basilisk (D:11)
  A steam dragon (D:9)
  Grum (D:9)
  4 acid dragons
  4 water moccasins
  2 black bears
  3 orc warriors
  2 ice beasts (D:7)
  2 sky beasts (D:7)
  4 wolves (D:9)
  6 centaurs
  4 ogres
  3 phantoms
  A kobold brigand (D:9)
  3 bullfrogs
  A gnoll sergeant (D:7)
  3 scorpions
  6 wights
  9 killer bees
  9 howler monkeys
  A crimson imp (D:7)
  4 hounds
  A gnoll bouda (D:4)
  4 orc priests
  Crazy Yiuf (D:3)
  4 iguanas
  A sleepcap (D:5)
  Natasha (thrice) (D:4)
  7 orc wizards
  7 gnolls
  10 adders
  2 white imps
  An ufetubus (D:6)
  4 worms (D:2)
  4 dart slugs
  18 orcs
  4 bats
  7 endoplasms
  3 giant cockroaches
  3 goblins
  4 hobgoblins
  4 jackals (D:3)
  3 quokkas
  12 ball pythons
  A frilled lizard (D:2)
  A goblin zombie (D:4)
  13 kobolds
  5 rats
224 creatures vanquished.

Vanquished Creatures (collateral kills)
  An orc (D:7)
1 creature vanquished.

Vanquished Creatures (others)
  A yak (D:11)
  An adder (D:2)
  3 fungi (D:11)
  11 plants (D:11)
16 creatures vanquished.

Grand Total: 241 creatures vanquished

Notes
Turn   | Place    | Note
-------+----------+-------------------------------------------
     0 | D:1      | greynaab the Minotaur Artificer began the quest for the
                  | Orb.
     0 | D:1      | Reached XP level 1. HP: 16/16 MP: 0/0
   148 | D:1      | Reached skill level 1 in Axes
   368 | D:1      | Reached XP level 2. HP: 23/23 MP: 1/1
   710 | D:1      | Found a faded altar of an unknown god.
  1060 | D:2      | Reached skill level 2 in Axes
  1222 | D:2      | Reached skill level 3 in Axes
  1222 | D:2      | Reached XP level 3. HP: 28/28 MP: 2/2
  1303 | D:2      | Found a blossoming altar of Fedhas.
  1754 | D:3      | Reached skill level 4 in Axes
  1802 | D:3      | Noticed a phantom
  1809 | D:3      | Killed a phantom
  1810 | D:3      | Reached skill level 5 in Axes
  1810 | D:3      | Reached XP level 4. HP: 35/35 MP: 3/3
  1822 | D:3      | Reached XP level 5. HP: 40/40 MP: 4/4
  1877 | D:3      | Found a runed translucent door.
  1878 | D:3      | Noticed Crazy Yiuf
  1911 | D:3      | Found a hide-covered altar of Uskayaw.
  2554 | D:4      | Noticed an ogre
  2561 | D:4      | Killed an ogre
  2562 | D:4      | Reached skill level 6 in Axes
  2646 | D:4      | Found an opulent altar of Gozag.
  2665 | D:4      | Reached skill level 7 in Axes
  2665 | D:4      | Reached XP level 6. HP: 44/47 MP: 5/5
  2723 | D:4      | Noticed Natasha
  2732 | D:4      | Killed Natasha
  3112 | D:4      | Noticed Natasha
  3121 | D:4      | Killed Natasha
  3122 | D:4      | Reached skill level 8 in Axes
  3243 | D:4      | Found an ornate altar of the Wu Jian Council.
  3299 | D:4      | Became a worshipper of the Wu Jian Council
  3488 | D:4      | Reached XP level 7. HP: 29/52 MP: 6/6
  3572 | D:4      | Noticed Natasha
  3599 | D:4      | Killed Natasha
  3944 | D:5      | Entered Level 5 of the Dungeon
  3991 | D:5      | Reached skill level 9 in Axes
  4391 | D:5      | Identified the amulet "Ivioc" {+Inv rF+ rC++ Regen+}
  4488 | D:5      | Reached skill level 10 in Axes
  5064 | D:5      | Reached XP level 8. HP: 59/59 MP: 7/7
  5190 | D:6      | Reached skill level 11 in Axes
  5639 | D:7      | Reached skill level 12 in Axes
  5664 | D:7      | Reached * piety under Wu Jian
  5785 | D:7      | Reached skill level 13 in Axes
  5848 | D:7      | Found Reimm's Antique Armour Shop.
  5855 | D:7      | Bought a pair of fine boots for 313 gold pieces
  5855 | D:7      | Identified the +0 pair of boots of Repulsion {+Blink rF+
                  | rC+} (You bought it in a shop on level 7 of the Dungeon)
  5941 | D:7      | Reached XP level 9. HP: 64/64 MP: 8/8
  5967 | D:7      | Reached skill level 1 in Shields
  6059 | D:7      | Reached skill level 14 in Axes
  6171 | D:7      | Noticed a boulder beetle
  6171 | D:7      | Noticed a cyclops
  6173 | D:7      | Noticed a gargoyle
  6198 | D:7      | Killed a boulder beetle
  6199 | D:7      | Reached skill level 5 in Evocations
  6315 | D:7      | Found a staircase to the Ecumenical Temple.
  6645 | D:8      | Reached ** piety under Wu Jian
  6690 | D:8      | Reached skill level 5 in Shields
  6947 | D:8      | Noticed Joseph
  6964 | D:8      | Killed Joseph
  6965 | D:8      | Reached XP level 10. HP: 52/71 MP: 9/9
  7675 | D:9      | Paralysed by a hornet for 2 turns
  7677 | D:9      | Noticed Grum
  7682 | D:9      | Reached skill level 15 in Axes
  7682 | D:9      | Killed Grum
  7897 | D:9      | Found a blossoming altar of Fedhas.
  8341 | D:9      | Found a sparkling altar of Nemelex Xobeh.
  8341 | D:9      | Found a white marble altar of Elyvilon.
  8375 | D:9      | Noticed a two-headed ogre
  8389 | D:9      | Killed a two-headed ogre
  8440 | D:10     | Entered Level 10 of the Dungeon
  8505 | D:10     | Found a hazy altar of Hepliaklqana.
  8627 | D:10     | Noticed a two-headed ogre
  8635 | D:10     | Banished a two-headed ogre
  8687 | D:10     | Noticed Psyche
  8721 | D:9      | Killed Psyche
  8722 | D:9      | Reached XP level 11. HP: 42/77 MP: 4/10
  8869 | D:10     | Noticed a skeletal warrior
  8877 | D:10     | Banished a skeletal warrior
  8965 | D:10     | Found a transporter.
  8965 | D:10     | Found a transporter.
  8973 | D:10     | Noticed Pimp's ghost (journeyman BaSu)
  9057 | D:10     | Found a shimmering blue altar of Sif Muna.
  9123 | D:10     | Noticed a centaur warrior
  9130 | D:10     | Killed a centaur warrior
  9134 | D:10     | Got the Codex of the Generative Birds
  9204 | D:11     | Reached *** piety under Wu Jian
  9233 | D:11     | Noticed a two-headed ogre
  9627 | D:11     | Found a staircase to the Lair.
  9640 | D:11     | Reached skill level 10 in Shields
  9758 | D:11     | Noticed a boulder beetle
  9784 | D:11     | Killed a boulder beetle
 10000 | D:11     | Found a radiant altar of Vehumet.
 10071 | D:11     | Killed a two-headed ogre
 10356 | D:3      | Killed Crazy Yiuf
 10691 | D:7      | Demolished by a cyclops

Illustrated notes

Levels and vault maps discovered:
D:1:      onia_arrival_mini_maze_b, layout_basic, basic_ecumenical_altar,
          minmay_misc_feat_chi, dreamdust_princess_bridge
D:2:      layout_loops_ring, basic_altar
D:3:      layout_basic, lemuel_tele_altar, uniq_crazy_yiuf_cottage
D:4:      layout_basic, lemuel_doored_altar, nicolae_gozag_seed_capital,
          serial_glass, glass_columns_a, glass_columns_c, glass_columns_a,
          glass_columns_a, glass_columns_a, glass_columns_b, item_on_display_a,
          enter_ossuary_3, uniq_natasha
D:5:      layout_cave_pods
D:6:      layout_rooms, hangedman_decor_push
D:7:      minmay_the_grid_triangle_9x9_rhombus_full
          [minmay_the_grid_triangle_9x9_sparse_checkered,
          minmay_the_grid_triangle_9x9_alien,
          minmay_the_grid_triangle_9x9_limited_checkers,
          minmay_the_grid_triangle_9x9_checkered,
          minmay_the_grid_triangle_9x9_semitri,
          minmay_the_grid_triangle_9x9_longest,
          minmay_the_grid_triangle_9x9_from_above,
          minmay_the_grid_triangle_9x9_prize_schism], layout_cave_pools,
          lemuel_temple_firewalk_a, serial_shops, shop, minmay_fire_ice_demons
D:8:      layout_basic, uniq_joseph
D:9:      layout_loops_cross, gammafunk_temple_overflow_forgotten, uniq_grum
D:10:     minmay_wavy_crystal, layout_irregular_city, kennysheep_orc_sif_temple,
          mainiacjoe_overflow_catwalk, gammafunk_ghost_hive, uniq_psyche
D:11:     layout_big_octagon, minmay_lair_entry_grove,
          nicolae_vehumet_altar_sigil

Skill      XL: |  1  2  3  4  5  6  7  8  9 10 11 |
---------------+----------------------------------+-----
Axes           | 1 3 5 7 8 10 13 14 15 | 15.9
Evocations     | 3 5 7 9 |  9.4
Shields        | 5 8 11 | 11.4
Fighting       | |  1.2
Maces & Flails | |  0.6
Armour         | |  2.4
Dodging        | |  1.1
Stealth        | |  0.7

Action                     |  1- 3 |  4- 6 |  7- 9 | 10-12 || total
---------------------------+-------+-------+-------+-------++-------
  Melee: Club              |     8 |       |       |       ||     8
         War axe           |    67 |    85 |   257 |   262 ||   671
         Headbutt          |    17 |     8 |    40 |    50 ||   115
         Punch             |     1 |     1 |     1 |       ||     3
  Throw: Dart              |     2 |     3 |     7 |    20 ||    32
Ability: Lunge             |       |     1 |    17 |    15 ||    33
         Whirlwind         |       |       |     4 |     4 ||     8
  Evoke: Wand              |    18 |     3 |     6 |     6 ||    33
    Use: Scroll            |     4 |     1 |     4 |     6 ||    15
         Potion            |       |     1 |     1 |     5 ||     7
   Stab: Betrayed ally     |       |       |     1 |       ||     1
         Distracted        |       |       |       |     1 ||     1
 Armour: Leather armour    |     5 |       |       |       ||     5
         Ring mail         |    27 |    37 |   109 |    62 ||   235
  Dodge: Dodged            |    49 |    51 |   108 |    91 ||   299
  Block: Buckler           |       |       |    21 |    59 ||    80

Table legend: (Time is in decaauts)
 A = Elapsed time spent in this place.
 B = Non-inter-level travel time spent in this place.
 C = Inter-level travel time spent in this place.
 D = Time resting spent in this place.
 E = Time spent auto-exploring this place.
 F = Levels seen in this place.
 G = Mean time per level.
                   A        B        C        D        E       F      G
               +--------+--------+--------+--------+--------+-----+--------+
         Total |  10677 |   9600 |   1077 |   1299 |   6161 |  11 |  970.6 |
       Dungeon |  10677 |   9600 |   1077 |   1299 |   6161 |  11 |  970.6 |
               +--------+--------+--------+--------+--------+-----+--------+

Top non-repeatable levels by time:
     D:4: 1311 daAuts
     D:5: 1247 daAuts
     D:7: 1206 daAuts
     D:3: 1189 daAuts
    D:10: 1119 daAuts
     D:8: 1008 daAuts
     D:1: 986 daAuts
     D:9: 862 daAuts
     D:2: 711 daAuts
    D:11: 565 daAuts
     D:6: 468 daAuts
